Cogmind - Beta 11 X8 @@@ ROGUE MODE // 2021.12.04 @ 22:13:06 Player: youngster Result: Destroyed by G-34 Mercenary with Small Laser Performance ------------- Evolutions (0) 0 Regions Visited (1) 200 Robots Destroyed (15) 75 Value Destroyed (362) 362 Prototype IDs (0) 0 Alien Tech Used (0) 0 Bonus (0) 0 TOTAL SCORE: 637 Bonus ------- None Cogmind --------- Core Integrity 0/250 Matter 280/300 Energy 140/160 System Corruption 7% Temperature Warm (183) Movement Walking (190) Ox1 Location -10/Materials Parts ------- > --- POWER (1) -------- Light Nuclear Core > --- PROPULSION (2) --- Aluminum Leg > --- UTILITY (2) ------ Small Storage Unit > --- WEAPON (2) ------- Medium Laser Medium Laser > --- INVENTORY (8) ---- Ion Engine Light Treads Wheel Wheel Improved Terrain Scanner Medium Laser Grenade Launcher Datajack Peak State ------------ > --- POWER ------------ Light Nuclear Core > --- PROPULSION ------- Aluminum Leg Aluminum Leg > --- UTILITY ---------- Small Storage Unit > --- WEAPON ----------- Medium Laser Assault Rifle > --- INVENTORY -------- Ion Engine Light Treads Wheel Wheel Improved Terrain Scanner Small Laser Grenade Launcher Datajack [Rating: 9] Favorites ----------- Power Ion Engine Engine Ion Engine Power Core Light Nuclear Core Propulsion Light Treads Treads Light Treads Leg Aluminum Leg Utility Small Storage Unit Storage Small Storage Unit Weapon Medium Laser Energy Gun Medium Laser Ballistic Gun Assault Rifle Build | -11 -10 ------- Run | Scr Mat Slots Evolved . | . . Power . | . . Propulsion . | . . Utility . | . . Weapon . | . . Parts Attached 15 | 6 9 Power 2 | 1 1 Engine 1 | 1 . Core 1 | . 1 Reactor . | . . Propulsion 6 | 2 4 Treads 2 | 2 . Leg 4 | . 4 Wheel . | . . Hover . | . . Flight . | . . Utility 1 | 1 . Device . | . . Storage 1 | 1 . Processor . | . . Hackware . | . . Protection . | . . Artifact . | . . Weapon 6 | 2 4 Energy Gun 5 | 1 4 Energy Cannon . | . . Ballistic Gun 1 | 1 . Ballistic Cannon . | . . Launcher . | . . Special Weapon . | . . Impact Weapon . | . . Slashing Weapon . | . . Piercing Weapon . | . . Special Melee Weapon . | . . Unidentified Prototypes . | . . Parts Lost 2 | . 2 Power . | . . Propulsion 2 | . 2 Utility . | . . Weapon . | . . Highest Loss Streak 1 | . 1 Average Slot Usage (%) 83 | . 83 Engine 6 | . 6 Core 7 | . 7 Treads 11 | . 11 Leg 15 | . 15 Storage 14 | . 14 Energy Gun 15 | . 15 Ballistic Gun 12 | . 12 Naked Turns . | . . Heaviest Build 14 | 14 14 Greatest Support 40 | 40 40 Greatest Overweight (x) 1 | . 1 Average Overweight (x) . | . . Largest Inventory Capacity 8 | 8 8 Average Capacity 7 | 7 8 Most Carried 8 | 5 8 Average Carried 5 | 3 6 Final Capacity 8 | 8 8 Final Carried 8 | 5 8 Class Distribution -------------------- 100% | Mutant Dominant Class ---------------- Mutant | -10/Materials Resources | -11 -10 ----------- Run | Scr Mat Matter Collected 437 | 284 153 Remotely . | . . Salvage Created 530 | 105 425 Parts 24 | 7 17 Haulers Intercepted . | . . Recyclers Shooed . | . . Parts Field Recycled . | . . Retrieved Matter . | . . Parts Self-Destructed . | . . Prevented . | . . Kills | -11 -10 ------- Run | Scr Mat Combat Hostiles Destroyed 11 | . 11 Guns 11 | . 11 Classes Destroyed 6 | 2 4 Builder 1 | . 1 Tunneler 1 | 1 . Recycler 1 | 1 . Operator 1 | . 1 Swarmer 3 | . 3 Grunt 8 | . 8 Best Kill Streak 3 | 2 3 Combat Bots Only 3 | . 3 Max Kills in Single Turn 1 | 1 1 Gunslinging . | . . Exploded . | . . Melee . | . . Uniques/NPCs Destroyed . | . . Combat | -11 -10 -------- Run | Scr Mat Damage Taken 740 | . 740 Core 255 | . 255 Absorbed by Shields . | . . Core Remaining (%) 100 | 100 . Volleys Fired 55 | 8 47 Largest 2 | 2 2 Hottest 100 | 70 100 Shots Fired 98 | 16 82 Gun 98 | 16 82 Cannon . | . . Launcher . | . . Special . | . . Kinetic 39 | 8 31 Thermal 59 | 8 51 Explosive . | . . Electromagnetic . | . . Robot Hit Streak 21 | 5 21 Robot Miss Streak 3 | 2 3 Penetration Max . | . . Secondary Targets . | . . Shots Hit Robots 73 | 10 63 Core Hits 28 | 3 25 Critical Kills . | . . Critical Parts Destroyed . | . . Critical Strikes 3 | . 3 Burn 3 | . 3 Melee Attacks . | . . Impact . | . . Slashing . | . . Piercing . | . . Sneak Attacks . | . . Combat Hostiles . | . . Follow-up Attacks . | . . Damage Inflicted 936 | 127 809 Guns 932 | 126 806 Cannons . | . . Explosions . | . . Melee . | . . Ramming 4 | 1 3 Kinetic 395 | 64 331 Thermal 537 | 62 475 Explosive . | . . Electromagnetic . | . . Impact . | . . Slashing . | . . Piercing . | . . Highest Corruption 7 | . 7 Average Corruption 5 | . 5 Corruption Purged . | . . Effects 5 | . 5 Message Errors 2 | . 2 Energy Discharges 1 | . 1 Parts Rejected 1 | . 1 Data Loss (major) 1 | . 1 Overload Shots . | . . Overflow Damage . | . . Projectiles . | . . Explosions . | . . Melee . | . . Knockbacks . | . . Impact . | . . Kinetic . | . . Secondary . | . . Self-Inflicted Damage . | . . Shots . | . . Rammed 2 | 1 1 Targets Rammed 2 | 1 1 Kicked . | . . Crushed . | . . Highest Temperature 177 | 72 177 Average Temperature 43 | 37 44 Received Heat Transfer 315 | . 315 Siege Activations . | . . Robots Corrupted . | . . Combat Hostiles . | . . Parts Fried . | . . Impact Corruptions . | . . Robots Melted . | . . Combat Hostiles . | . . Parts Melted 3 | . 3 Heat Transferred 1813 | 185 1628 Parts Sabotaged . | . . Parts Stolen . | . . Parts Stripped . | . . Power Chain Reactions . | . . Missiles Intercepted . | . . Alert | -11 -10 ------- Run | Scr Mat Peak Influence 196 | 10 196 Initial 6 | . 6 Average 54 | 3 62 Maximum Alert Level . | . . Low Security (%) 100 | 100 100 Level 1 . | . . Level 2 . | . . Level 3 . | . . Level 4 . | . . Level 5 . | . . High Security . | . . Max Security . | . . Squads Dispatched 3 | . 3 Investigation 1 | . 1 Extermination . | . . Reinforcement 2 | . 2 Assault . | . . Garrison . | . . Intercept . | . . Construction Impeded . | . . Haulers Reinforced . | . . Active Scanning Responses . | . . Cargo Convoy Interrupts . | . . Stealth | -11 -10 --------- Run | Scr Mat Distress Signals 1 | . 1 Communications Jammed . | . . Distress Signals . | . . Times Spotted 19 | . 19 Peak Tracking Total 5 | . 5 Tactical Retreats . | . . Traps | -11 -10 ------- Run | Scr Mat Traps Triggered 6 | . 6 Indirectly . | . . Trap Hack Attempts . | . . Triggered . | . . Disarmed . | . . Reprogrammed . | . . Reused . | . . Traps Extracted . | . . Installed . | . . Triggered . | . . Machines | -11 -10 ---------- Run | Scr Mat Machines Disabled . | . . Max in Single Turn . | . . Machines Sabotaged . | . . Garrisons Compromised . | . . Overloaded Fab Kills . | . . Hacking | -11 -10 --------- Run | Scr Mat Machines Accessed 5 | . 5 Terminals 4 | . 4 Fabricators . | . . Repair Stations . | . . Recycling Units 1 | . 1 Scanalyzers . | . . Garrison Access . | . . Total Hacks 16 | . 16 Successful 6 | . 6 Failed 10 | . 10 Catastrophic 3 | . 3 Database Lockouts . | . . Manual 12 | . 12 Terminals 14 | . 14 Fabricators . | . . Repair Stations . | . . Recycling Units 2 | . 2 Scanalyzers . | . . Garrison Access . | . . Terminal Hacks 3 | . 3 Unreport Threat 1 | . 1 Hauler Manifests 1 | . 1 Zone Layout 1 | . 1 Fabricator Hacks . | . . Repair Station Hacks . | . . Recycling Unit Hacks . | . . Scanalyzer . | . . Garrison Access Hacks . | . . Unauthorized Hacks 3 | . 3 Terminals 2 | . 2 Track 1 | . 1 Botnet 1 | . 1 Fabricators . | . . Repair Stations . | . . Recycling Units 1 | . 1 Tunnel 1 | . 1 Scanalyzers . | . . Garrison Access . | . . Data Cores Recovered . | . . Used . | . . Hacking Detections 4 | . 4 Full Trace Events . | . . Feedback Events . | . . Feedback Blocked . | . . Robot Schematics Acquired . | . . Robots Built . | . . Authchips . | . . Time . | . . Total Robot Build Rating . | . . Part Schematics Acquired . | . . Parts Built . | . . Authchips . | . . Time . | . . Total Part Build Rating . | . . Parts Repaired . | . . Time . | . . Parts Recycled . | . . Recycled Matter . | . . Retrieved Matter . | . . Retrieved Components . | . . Parts Scanalyzed . | . . Part Schematics Acquired . | . . Parts Damaged . | . . Bothacking | -11 -10 ------------ Run | Scr Mat Used RIF Installer . | . . Robots Hacked . | . . Non-combat . | . . Combat . | . . Robot Hacks Applied . | . . Relay Couplers Released . | . . Fabnet Peak Effective % . | . . Robots Rewired . | . . Allies Hacked . | . . Hacks Repelled . | . . Allies | -11 -10 -------- Run | Scr Mat Total Allies . | . . Largest Group . | . . Highest-Rated Group . | . . Highest-Rated Ally . | . . Total Orders . | . . Ally Attacks . | . . Total Damage . | . . Kills . | . . Allies Corrupted . | . . Allies Melted . | . . Intel | -11 -10 ------- Run | Scr Mat Robot Analysis Total . | . . Derelict Logs Recovered . | . . Drone Launches . | . . Drone Recoveries . | . . Exploration | -11 -10 ------------- Run | Scr Mat Turns Passed 845 | 107 738 Spaces Moved 455 | 43 412 Core 2 | 2 . Treads 176 | 41 135 Legs 277 | . 277 Wheels . | . . Hover . | . . Flight . | . . Fastest Speed 50 | 50 120 Average Speed 135 | 154 133 Slowest Speed 190 | 160 190 Overloaded Moves . | . . Propulsion Burnouts . | . . Robots Hopped . | . . Cave-ins Triggered . | . . Exploration Rate (%) 36 | 5 68 Regions Visited 1 Branch Regions . Pre-discovered Areas 1 | . 1 Known Exits Taken . | . . Unknown Exits Taken 1 | 1 . Scrap Searched . | . . Spaces Dug . | . . Terrain Destroyed . | . . Melee . | . . Projectile . | . . AOE . | . . Terrain Rammed . | . . Walls Destroyed . | . . Machines Disabled . | . . Actions | -11 -10 --------- Run | Scr Mat Total 585 | 64 521 Wait 46 | 2 44 Move 455 | 43 412 Hop . | . . Pick Up 7 | 5 2 Fast Attach 10 | 6 4 Attach 1 | . 1 Detach 1 | . 1 Swap 4 | . 4 Drop 5 | . 5 Fire 55 | 8 47 Melee . | . . Ram . | . . Kick . | . . Crush 1 | . 1 Escape Stasis . | . . Rewire . | . . Trap . | . . Miscellaneous . | . . Route ------- -11/Scrapyard -10/Materials (discovered 4 exits: [*Mat x2] / [*Min x2]) History --------- Turn | Location | Event 10 | -11/Scrapyard | Discovered new exit (range 15) 108 | -11/Scrapyard | Entered Materials 283 | -10/Materials | Discovered new exit (range 16) 318 | -10/Materials | Build established: Mutant 522 | -10/Materials | Discovered new exit (range 6) 669 | -10/Materials | Core integrity fell below 50% 689 | -10/Materials | Discovered new exit (range 11) 690 | -10/Materials | Discovered new exit (range 16) 751 | -10/Materials | Core integrity fell below 20% 846 | -10/Materials | Destroyed by G-34 Mercenary with Small Laser Last Messages --------------- 00758_ G-34 Mercenary suffers critical hit (Burn). 00761_ G-34 Mercenary heat damages Ion Engine. 00762_ Aluminum Leg melted. 00762_ Heat Sink melted. 00762_ G-34 Mercenary destroyed. 00765_ Acquired 20 matter. 00771_ U-05 Engineer destroyed. 00772_ E4YYCC5FQRTKW3>0|VCSMIWERRFY%CNJ 00777_ Acquired 10 matter. 00787_ Dropped Sml. Laser. 00788_ Acquired Med. Laser. 00794_ Dropped Aluminum Leg. 00796_ Acquired 5 matter. 00813_ O-16 Technician: "IFF HANDSHAKE FAILED. SECURING TERMINAL." 00815_ System corrupted: Substantial component data lost. 00816_ ALERT: Hostiles spotted, dispatching reinforcements to Terminal M005. 00838_ LW3ULC1KRE3JR QHJMG4FUDDCIG0 00844_ Aluminum Leg destroyed. 00846_ G-34 Mercenary destroyed. Map ----- +----------------------------------------------------+ | ????????????????????????????????????????? | | ????????????????????????????????????????? | | ????????????????????????????????????????? | | ????????????????????????????????????????? | | ????????????????????????????????????????? | | ????????????????????????????????????????? | | ????????????????????????????????????????? | | ????????????????????????????????????????? | | ????????????????????????????????????????? | | ????????????????????????????????????????? | | ????????????????????????????????????????? | | ????????????????????????????????????????? | | ????????????????????????????????????????? | | ????????????????????????????????????????? | | ????????????????????????????????????????? | | ????????????????????????????????????????? | | ????????????????????????????????????????? | | ????????????????????????????????????????? | | ????????????????????????????????????????? | | ????????????????????????????????????????? | | ????????????????????????????? ??????????? | | ????????????????????????????? ??????????? | | ??????????????????????????###+###???????? | | ???????#######?# ? #??????# #???????? | | ######## ### ######## #???????? | | ## % @ +???????? | | """ + w g #### #???????? | | """" ## #??# #???????? | | """" ## ####### #??### ###???????? | | """" ####+#####???# #????# #?????????? | | """ # #???# #????# #?????????? | | # """ #???# #????# #?????????? | | # """ #???# ## #?????????? | | % # """ #???# < ## #?????????? | | ####### #???# ## #?????????? | | ####### """ #???####+##### #?????????? | | + """ #????# T ## #?????????? | | ####### """ ###??# ## #?????????? | | ??????# # #### ## #?????????? | | ??????#####""""" ## """ ## #?????????? | | ???#######"" "## """ ## #?????????? | | #?# T " # """ ## #?????????? | | #?# " ######### #?######### | | #?# " = #???????# #?# # | | #########"" ######### #?# """ # | | # # ## r ## ### "Y" # | | ?# """ """ # r " ^ # # | | ?# """ """ # ] "T [ += # | | ?# """ """ # !%! # # | | ?# # ####### * ###### [== # | +----------------------------------------------------+ Best States ------------- Heat Dissipation 25 Energy Generation 14 Energy Capacity 250 Matter Stores 300 Matter Capacity 300 Sight Range 16 Terrain Scan Density 10 Evasion (%) 55 Recoil Reduction 2 Item Schematics ----------------- None Robot Schematics ------------------ None Fabricated ------------ Nothing Alien Tech Used ----------------- None Achievements -------------- None Challenges ------------ None Game ------ Seed CouplerHardlightScythe Manual? 0 Play Time 00:09:54 Cumulative 146.1 hours Start 2021.12.04 @ 22:05:13 End 2021.12.04 @ 22:13:06 Sessions 1 Manual Loads 0 Difficulty Rogue Special Mode None Game No. 89 Rogue 89 Adventurer 0 Explorer 0 Win Type - Total 3 Types 2/0/0/1/0/0/0/0/0 Lore% 71 Gallery% 78 Achievement% 56 Wizard Run 0 Options --------- ASCII 0 Keyboard 1 Movement Vi Keybinds 0 Fullscreen 2 Font 18/Cog Map View 76x50 Tactical HUD 1 Map Filters NONE Filters NONE Steam 0 RUN: 1fcbffb3-e73e-452d-b288-ec0327cc96dd